SNL (28 & UNDER)
MONTGOMERY BISCUITS @ WEST PALM REDS
06/22/2023
 
TOP OF THE 1ST
Montgomery Biscuits batting - Pitching for West Palm Reds : LHP Octávio Ramírez
Pitching: LHP Octávio Ramírez
Batting: RHB Gabriel Miranda 0-0: Ball
1-0: Foul Ball, location: 2F
1-1: DOUBLE (Line Drive, 8LD)
Batting: RHB Orlando Sánchez 0-0: Called Strike
0-1: Foul Ball, location: 2F
0-2: Foul Ball, location: 2F
0-2: DOUBLE (Flyball, 78M)
Gabriel Miranda scores
Batting: LHB Ben Kelley 0-0: Called Strike
0-1: Foul Ball, location: 2F
0-2: 2-RUN HOME RUN (Line Drive, 7LD), Distance : 372 ft
Batting: LHB José Flores 0-0: Foul Ball, location: 2F
0-1: Ball
1-1: Foul Ball, location: 2F
1-2: Ball
2-2: Ball
3-2: Strikes out swinging
Batting: RHB Jean-Paul St-Pierre 0-0: Foul Ball, location: 2F
0-1: Foul Ball, location: 2F
0-2: Strikes out swinging
Batting: RHB Dave Dawson 0-0: Ground out 5-3 (Groundball, 56)
Top of the 1st over - 3 run(s), 3 hit(s), 0 error(s), 0 left on base; Montgomery 3 - West Palm 0
BOTTOM OF THE 1ST
West Palm Reds batting - Pitching for Montgomery Biscuits : LHP Jorge Estrada
Pitching: LHP Jorge Estrada
Batting: LHB Jeff McKinney 0-0: SINGLE (Groundball, 3D)
Batting: RHB Juan Vareas 0-0: Called Strike
0-1: Ball
1-1: Foul Ball, location: 2F
1-2: SINGLE (Groundball, 34D)
Jeff McKinney to second
Runner from 2nd tries for 3rd, SAFE, throw made to third
Juan Vareas to second
Batting: SHB Todd Smith 0-0: Foul Ball, location: 2F
0-1: 3-RUN HOME RUN (Flyball, 8RXD), Distance : 424 ft
Batting: SHB Francis Shaffer 0-0: Ball
1-0: Ball
2-0: Swinging Strike
2-1: Ball
3-1: Base on Balls
Batting: LHB Enrique Cortéz 0-0: Ball
1-0: Called Strike
1-1: Ball
2-1: Fly out, F7 (Line Drive, 7LM)
Batting: LHB Jeff Doss 0-0: Ball
1-0: Foul Ball, location: 2F
1-1: Ball
2-1: SINGLE (Groundball, 5D)
Francis Shaffer to second
Batting: RHB Félix García 0-0: Ball
1-0: Ball
2-0: Called Strike
2-1: Foul Ball, location: 2F
2-2: Reached on error, E5 (Groundball, 56)
Francis Shaffer to third
Jeff Doss to second
Batting: LHB Bill Smith 0-0: Called Strike
0-1: Swinging Strike
0-2: Ball
1-2: Strikes out swinging
Batting: RHB Alejandro Martínez 0-0: Foul Ball, location: 2F
0-1: Foul Ball, location: 2F
0-2: Strikes out swinging
Bottom of the 1st over - 3 run(s), 4 hit(s), 1 error(s), 3 left on base; Montgomery 3 - West Palm 3
TOP OF THE 2ND
Montgomery Biscuits batting - Pitching for West Palm Reds : LHP Octávio Ramírez
Batting: RHB Vicente Carona 0-0: Ball
1-0: Called Strike
1-1: Swinging Strike
1-2: Ball
2-2: Ball
3-2: Base on Balls
Batting: RHB Pete Smith 0-0: Ball
1-0: Ball
2-0: Called Strike
2-1: Swinging Strike
2-2: SINGLE (Line Drive, 7LS)
Vicente Carona to second
Batting: SHB Andrew Curran 0-0: Foul Ball, location: 2F
0-1: DOUBLE (Line Drive, 7LM)
Vicente Carona scores
Pete Smith to third
Runner from 3rd tries for Home, SAFE, throw made at trailing runner, SAFE at third!
Batting: RHB Gabriel Miranda 0-0: Ball
1-0: Called Strike
1-1: Ball
2-1: Foul Ball, location: 2F
2-2: Ball
3-2: TRIPLE (Line Drive, 7LS)
Andrew Curran scores
Batting: RHB Orlando Sánchez 0-0: Ball
1-0: Ball
2-0: Ground out 6-3 (Groundball, 6M)
Gabriel Miranda scores
Batting: LHB Ben Kelley 0-0: Called Strike
0-1: Foul Ball, location: 2F
0-2: Ball
1-2: Strikes out looking
Batting: LHB José Flores 0-0: Called Strike
0-1: Ground out 3-1 (Groundball, 34)
Top of the 2nd over - 4 run(s), 3 hit(s), 0 error(s), 0 left on base; Montgomery 7 - West Palm 3
BOTTOM OF THE 2ND
West Palm Reds batting - Pitching for Montgomery Biscuits : LHP Jorge Estrada
Batting: LHB Jeff McKinney 0-0: Ground out 5-3 (Groundball, 5S)
Batting: RHB Juan Vareas 0-0: Ground out 4-3 (Groundball, 4)
Batting: SHB Todd Smith 0-0: Fly out, F4 (Popup, 4D)
Bottom of the 2nd over - 0 run(s), 0 hit(s), 0 error(s), 0 left on base; Montgomery 7 - West Palm 3
TOP OF THE 3RD
Montgomery Biscuits batting - Pitching for West Palm Reds : LHP Octávio Ramírez
Batting: RHB Jean-Paul St-Pierre 0-0: Fly out, F9 (Flyball, 9M)
Batting: RHB Dave Dawson 0-0: Foul Ball, location: 2F
0-1: Foul Ball, location: 2F
0-2: Ball
1-2: Ground out 6-3 (Groundball, 6)
Batting: RHB Vicente Carona 0-0: Called Strike
0-1: Called Strike
0-2: Ball
1-2: Foul Ball, location: 2F
1-2: Foul Ball, location: 2F
1-2: Ball
2-2: Strikes out swinging
Top of the 3rd over - 0 run(s), 0 hit(s), 0 error(s), 0 left on base; Montgomery 7 - West Palm 3
BOTTOM OF THE 3RD
West Palm Reds batting - Pitching for Montgomery Biscuits : LHP Jorge Estrada
Batting: SHB Francis Shaffer 0-0: Called Strike
0-1: Called Strike
0-2: Ball
1-2: Strikes out swinging
Batting: LHB Enrique Cortéz 0-0: DOUBLE (Line Drive, 5L)
Batting: LHB Jeff Doss 0-0: Ball
1-0: Called Strike
1-1: Ball
2-1: Called Strike
2-2: Ball
3-2: Base on Balls
Batting: RHB Félix García 0-0: Foul Ball, location: 2F
0-1: Ball
1-1: Ball
2-1: Foul Ball, location: 2F
2-2: Fielders Choice at 2nd, 5-4 (Groundball, 56)
Enrique Cortéz to third
Batting: LHB Bill Smith 0-0: Called Strike
0-1: Ball
1-1: Swinging Strike
1-2: Ball
2-2: Foul Ball, location: 2F
2-2: Ball
3-2: Foul Ball, location: 2F
3-2: Foul Ball, location: 2F
3-2: Foul Ball, location: 2F
3-2: Foul Ball, location: 2F
3-2: SINGLE (Groundball, 4)
Enrique Cortéz scores
Félix García to second
Félix García to third
Batting: RHB Alejandro Martínez 0-0: Called Strike
0-1: Ball
1-1: Ball
2-1: Ball
3-1: Called Strike
3-2: Foul Ball, location: 2F
3-2: Fly out, F9 (Flyball, 89M)
Bottom of the 3rd over - 1 run(s), 2 hit(s), 0 error(s), 2 left on base; Montgomery 7 - West Palm 4
TOP OF THE 4TH
Montgomery Biscuits batting - Pitching for West Palm Reds : LHP Octávio Ramírez
Batting: RHB Pete Smith 0-0: Fly out, F4 (Line Drive, 4)
Batting: SHB Andrew Curran 0-0: Ball
1-0: Called Strike
1-1: Foul Ball, location: 2F
1-2: Foul Ball, location: 2F
1-2: Ball
2-2: Strikes out swinging
Batting: RHB Gabriel Miranda 0-0: Foul Ball, location: 2F
0-1: Ball
1-1: Swinging Strike
1-2: TRIPLE (Groundball, 3L)
Batting: RHB Orlando Sánchez 0-0: Ball
1-0: Foul Ball, location: 2F
1-1: Ground out 4-3 (Groundball, 4)
Top of the 4th over - 0 run(s), 1 hit(s), 0 error(s), 1 left on base; Montgomery 7 - West Palm 4
BOTTOM OF THE 4TH
West Palm Reds batting - Pitching for Montgomery Biscuits : LHP Jorge Estrada
Batting: LHB Jeff McKinney 0-0: Foul Ball, location: 2F
0-1: DOUBLE (Line Drive, 9LM)
Batting: RHB Juan Vareas 0-0: Called Strike
0-1: Ball
1-1: Fly out, F9 (Line Drive, 9LS)
Batting: SHB Todd Smith 0-0: Called Strike
0-1: Foul Ball, location: 2F
0-2: Ball
1-2: Foul Ball, location: 2F
1-2: Foul Ball, location: 2F
1-2: 2-RUN HOME RUN (Flyball, 7D), Distance : 378 ft
Pitching: LHP Trevor Nichols
Batting: SHB Francis Shaffer 0-0: Ball
1-0: Ball
2-0: Ball
3-0: Called Strike
3-1: Called Strike
3-2: Strikes out swinging
Batting: LHB Enrique Cortéz 0-0: Ball
1-0: Ball
2-0: Swinging Strike
Reached via error on a dropped throw, E3
Batting: LHB Jeff Doss 0-0: Called Strike
0-1: Ball
1-1: Foul Ball, location: 2F
1-2: Foul Ball, location: 2F
1-2: Ball
2-2: Ball
3-2: Foul Ball, location: 2F
3-2: Ground out 6-3 (Groundball, 6M)
Bottom of the 4th over - 2 run(s), 2 hit(s), 1 error(s), 1 left on base; Montgomery 7 - West Palm 6
TOP OF THE 5TH
Montgomery Biscuits batting - Pitching for West Palm Reds : LHP Octávio Ramírez
Batting: LHB Ben Kelley 0-0: Swinging Strike
0-1: Ball
1-1: Ball
2-1: Swinging Strike
2-2: Ball
3-2: Strikes out looking
Batting: LHB José Flores 0-0: Ground out 4-3 (Groundball, 4M)
Batting: RHB Jean-Paul St-Pierre 0-0: Called Strike
0-1: SINGLE (Flyball, 9LS)
Batting: RHB Dave Dawson 0-0: Ball
1-0: Called Strike
1-1: Foul Ball, location: 2F
1-2: SINGLE (Groundball, 56D)
Jean-Paul St-Pierre to second
Pitching: LHP Francisco Nieto
Batting: RHB Vicente Carona 0-0: Ball
1-0: Ball
2-0: Ball
Wild Pitch!
Jean-Paul St-Pierre to third
Dave Dawson to second
3-0: Base on Balls
Batting: RHB Pete Smith 0-0: DOUBLE (Line Drive, 3D)
Jean-Paul St-Pierre scores
Dave Dawson scores
Vicente Carona to third
Batting: SHB Andrew Curran 0-0: Called Strike
0-1: Foul Ball, location: 2F
0-2: Ball
1-2: Strikes out swinging
Top of the 5th over - 2 run(s), 3 hit(s), 0 error(s), 2 left on base; Montgomery 9 - West Palm 6
BOTTOM OF THE 5TH
West Palm Reds batting - Pitching for Montgomery Biscuits : LHP Trevor Nichols
Batting: RHB Félix García 0-0: Foul Ball, location: 2F
0-1: Ball
1-1: Swinging Strike
1-2: Ball
2-2: Strikes out swinging
Batting: LHB Bill Smith 0-0: Swinging Strike
0-1: Swinging Strike
0-2: Strikes out looking
Batting: RHB Alejandro Martínez 0-0: Foul Ball, location: 2F
0-1: Ball
1-1: Foul Ball, location: 2F
1-2: Ball
2-2: Foul Ball, location: 2F
2-2: SINGLE (Line Drive, 8RS)
Batting: LHB Jeff McKinney 0-0: Called Strike
0-1: Foul Ball, location: 2F
0-2: Fly out, F6 (Popup, 56D)
Bottom of the 5th over - 0 run(s), 1 hit(s), 0 error(s), 1 left on base; Montgomery 9 - West Palm 6
TOP OF THE 6TH
Montgomery Biscuits batting - Pitching for West Palm Reds : LHP Francisco Nieto
Batting: RHB Gabriel Miranda 0-0: Swinging Strike
0-1: Ball
1-1: Ball
2-1: Ball
3-1: SOLO HOME RUN (Flyball, 8LXD), Distance : 424 ft
Batting: RHB Orlando Sánchez 0-0: Ball
1-0: Ball
2-0: Ball
3-0: Called Strike
3-1: Called Strike
3-2: Base on Balls
Batting: LHB Ben Kelley 0-0: Foul Ball, location: 2F
0-1: Called Strike
0-2: Ball
1-2: Strikes out looking
Batting: LHB José Flores 0-0: Called Strike
0-1: Ball
1-1: Foul Ball, location: 2F
1-2: SINGLE (Groundball, 34D) (infield hit)
Orlando Sánchez to second
Batting: RHB Jean-Paul St-Pierre 0-0: Called Strike
Orlando Sánchez steals 3rd base
José Flores to second
0-1: Ball
1-1: Ball
2-1: Fly out, F9 (Flyball, 89D)
Runner from 3rd tags up, SCORES, no throw
José Flores to third
Batting: RHB Dave Dawson 0-0: Ball
1-0: Ball
2-0: Ball
3-0: Base on Balls
Batting: RHB Vicente Carona 0-0: SINGLE (Groundball, 6MD)
José Flores scores
Dave Dawson to second
Pitching: RHP Javier Valenzuela
Batting: RHB Pete Smith 0-0: Ball
1-0: Ball
2-0: DOUBLE (Flyball, 8LXD)
Dave Dawson scores
Vicente Carona to third
Batting: SHB Andrew Curran 0-0: Ball
1-0: Ground out 4-3 (Groundball, 4)
Top of the 6th over - 4 run(s), 4 hit(s), 0 error(s), 2 left on base; Montgomery 13 - West Palm 6
BOTTOM OF THE 6TH
West Palm Reds batting - Pitching for Montgomery Biscuits : LHP Trevor Nichols
Batting: RHB Juan Vareas 0-0: Called Strike
0-1: Ball
1-1: Fly out, F9 (Flyball, 89XD)
Batting: SHB Todd Smith 0-0: Ball
1-0: Ball
2-0: Ball
3-0: Base on Balls
Batting: SHB Francis Shaffer 0-0: Ball
1-0: Fly out, F9 (Flyball, 89S)
Batting: LHB Enrique Cortéz 0-0: Ball
1-0: Foul Ball, location: 2F
1-1: Fielders Choice at 2nd, 6-4 (Groundball, 6)
Bottom of the 6th over - 0 run(s), 0 hit(s), 0 error(s), 0 left on base; Montgomery 13 - West Palm 6
TOP OF THE 7TH
Montgomery Biscuits batting - Pitching for West Palm Reds : RHP Javier Valenzuela
Batting: RHB Gabriel Miranda 0-0: Ball
1-0: Ball
2-0: Called Strike
2-1: Fly out, F4 (Line Drive, 4)
Batting: RHB Orlando Sánchez 0-0: Ball
1-0: Ground out 5-3 (Groundball, 56)
Batting: LHB Ben Kelley 0-0: Called Strike
0-1: Foul Ball, location: 2F
0-2: Ball
1-2: Ball
2-2: Ball
3-2: Strikes out swinging
Top of the 7th over - 0 run(s), 0 hit(s), 0 error(s), 0 left on base; Montgomery 13 - West Palm 6
BOTTOM OF THE 7TH
West Palm Reds batting - Pitching for Montgomery Biscuits : LHP Trevor Nichols
Batting: LHB Jeff Doss 0-0: Ground out 4-3 (Groundball, 4)
Pitching: RHP Daniel Rousseau
Batting: RHB Félix García 0-0: Called Strike
0-1: SINGLE (Line Drive, 7LS)
Batting: LHB Bill Smith 0-0: Ball
1-0: Ball
2-0: Ball
3-0: Base on Balls
Félix García to second
Batting: RHB Alejandro Martínez 0-0: Called Strike
Félix García is caught stealing 3rd base
Bill Smith to second
0-1: Ball
1-1: Foul Ball, location: 2F
1-2: Fly out, F8 (Flyball, 8RM)
Bottom of the 7th over - 0 run(s), 1 hit(s), 0 error(s), 1 left on base; Montgomery 13 - West Palm 6
TOP OF THE 8TH
Montgomery Biscuits batting - Pitching for West Palm Reds : RHP Javier Valenzuela
Batting: LHB José Flores 0-0: Called Strike
0-1: Ball
1-1: Ball
2-1: Ground out 4-3 (Groundball, 4)
Batting: RHB Jean-Paul St-Pierre 0-0: Swinging Strike
0-1: SINGLE (Groundball, 34D) (infield hit)
Batting: RHB Dave Dawson Pickoff Throw to First - Out!
0-0: Called Strike
0-1: Called Strike
0-2: Ground out 4-3 (Groundball, 34)
Top of the 8th over - 0 run(s), 1 hit(s), 0 error(s), 0 left on base; Montgomery 13 - West Palm 6
BOTTOM OF THE 8TH
West Palm Reds batting - Pitching for Montgomery Biscuits : RHP Daniel Rousseau
Now at SS: Dave Williams
Batting: LHB Jeff McKinney 0-0: Called Strike
0-1: Ground out 6-3 (Groundball, 6M)
Batting: RHB Juan Vareas 0-0: Called Strike
0-1: Foul Ball, location: 2F
0-2: Fly out, F9 (Flyball, 9LM)
Batting: SHB Todd Smith 0-0: Ball
1-0: Foul Ball, location: 2F
1-1: Ball
2-1: SINGLE (Line Drive, 9S)
Batting: SHB Francis Shaffer 0-0: Called Strike
0-1: Foul Ball, location: 2F
0-2: Ball
1-2: Strikes out looking
Bottom of the 8th over - 0 run(s), 1 hit(s), 0 error(s), 1 left on base; Montgomery 13 - West Palm 6
TOP OF THE 9TH
Montgomery Biscuits batting - Pitching for West Palm Reds : RHP Javier Valenzuela
Batting: RHB Vicente Carona 0-0: Called Strike
0-1: Ball
1-1: Ground out 6-3 (Groundball, 6)
Batting: RHB Pete Smith 0-0: Ball
1-0: Fly out, F6 (Line Drive, 6)
Batting: SHB Andrew Curran 0-0: Called Strike
0-1: Swinging Strike
0-2: Foul Ball, location: 2F
0-2: Foul Ball, location: 2F
0-2: Ball
1-2: Ball
2-2: Ball
3-2: Foul Ball, location: 2F
3-2: Fly out, F3 (Popup, 9LSF)
Top of the 9th over - 0 run(s), 0 hit(s), 0 error(s), 0 left on base; Montgomery 13 - West Palm 6
BOTTOM OF THE 9TH
West Palm Reds batting - Pitching for Montgomery Biscuits : RHP Daniel Rousseau
Batting: LHB Enrique Cortéz 0-0: Called Strike
0-1: Foul Ball, location: 2F
0-2: Ball
1-2: Foul Ball, location: 2F
1-2: Ball
2-2: Strikes out swinging
Batting: LHB Jeff Doss 0-0: Ball
1-0: Called Strike
1-1: Foul Ball, location: 2F
1-2: Strikes out swinging
Batting: RHB Félix García 0-0: Ball
1-0: Called Strike
1-1: Ball
2-1: Called Strike
2-2: Strikes out looking
Bottom of the 9th over - 0 run(s), 0 hit(s), 0 error(s), 0 left on base; Montgomery 13 - West Palm 6
This league is powered by Out of the Park Baseball, the baseball management simulation game for PC, Mac and Linux
Wednesday, December 2nd, 2015 - OOTP Baseball 16.8 Build 38